 Dungeon Crawl Stone Soup version 0.20.1-1-g8b1a95d (webtiles) character file.

212 Feta the Chiller (level 5, -2/38 HPs)
             Began as a Barachi Ice Elementalist on Nov 10, 2017.
             Was a Follower of Vehumet.
             Slain by a phantom (3 damage)
             ... on level 4 of the Dungeon.
             The game lasted 00:11:38 (3338 turns).

Feta the Chiller (Barachi Ice Elementalist)         Turns: 3338, Time: 00:11:39

Health: -2/38      AC:  7    Str: 11    XL:     5   Next: 90%
Magic:  3/9        EV: 11    Int: 15    God:    Vehumet [*.....]
Gold:   101        SH:  6    Dex: 12    Spells: 3/10 levels left

rFire    . . .     SeeInvis .   u - +0 hand axe
rCold    . . .     Gourm    .   (no shield)
rNeg     . . .     Faith    .   x - +0 ring mail
rPois    .         Spirit   .   (no helmet)
rElec    .         Reflect  +   n - +0 cloak
rCorr    .         Harm     .   C - +0 pair of gloves
MR       .....                  (no boots)
Stlth    +.........             r - +6 amulet of reflection
Regen    0.2/turn               j - ring of wizardry
MPRegen  0.2/turn               (no ring)

@: slow
A: +LOS, swims, slowness 1, strong legs 1
a: Hop, Renounce Religion


You were on level 4 of the Dungeon.
You worshipped Vehumet.
Vehumet was aware of your devotion.
You were very hungry.

You visited 1 branch of the dungeon, and saw 4 of its levels.

You collected 101 gold pieces.

Inventory:

Hand Weapons
 d - a +0 short sword
 m - a +0 flail
 u - a +0 hand axe (weapon)
Missiles
 a - 5 tomahawks (quivered)
 z - 9 poisoned needles
Armour
 n - a +0 cloak (worn)
 x - a +0 ring mail (worn)
 C - a +0 pair of gloves (worn)
Jewellery
 j - a ring of wizardry (left hand)
 r - a +6 amulet of reflection (around neck)
Wands
 w - a wand of confusion (35/48)
Scrolls
 e - 2 scrolls of blinking {unknown}
 f - a scroll of remove curse {unknown}
 g - 2 scrolls of amnesia {unknown}
 k - 7 scrolls of identify {unknown}
 t - a scroll of recharging {unknown}
 v - a scroll of random uselessness {unknown}
 y - 3 scrolls of teleportation {unknown}
 D - 2 scrolls of noise {unknown}
 E - a scroll of enchant weapon {unknown}
 F - a scroll of enchant armour {unknown}
Potions
 h - 3 potions of haste {unknown}
 i - a potion of might {unknown}
 o - a potion of ambrosia {unknown}
 p - 2 potions of cancellation {unknown}
 s - a potion of invisibility {unknown}
 A - a potion of agility {unknown}
 B - a potion of lignification {unknown}
Books
 b - a book of Frost

   Spells                             Type                      Level
   a - Freeze                         Ice                          1
   b - Throw Frost                    Conjuration/Ice              2
   c - Ozocubu's Armour               Charms/Ice                   3
   d - Throw Icicle                   Conjuration/Ice              4
   e - Summon Ice Beast               Ice/Summoning                4
Comestibles
 c - 5 bread rations
 l - a meat ration
 q - 3 royal jellies


   Skills:
 + Level 2.3 Fighting
 + Level 2.4 Armour
 + Level 2.9 Dodging
 - Level 2.0 Stealth
 + Level 3.0 Spellcasting
 + Level 2.5 Conjurations
 + Level 4.6 Ice Magic
 + Level 0.7 Evocations


You had 3 spell levels left.
You knew the following spells:

 Your Spells              Type           Power        Failure   Level  Hunger
a - Freeze                Ice            ###.         2%          1    #......
b - Throw Frost           Conj/Ice       ##....       6%          2    ##.....
c - Throw Icicle          Conj/Ice       ##......     38%         4    #####..


Dungeon Overview and Level Annotations

Branches:
Dungeon (4/15)
 Temple: D:4-7

Altars:
Cheibriados
Hepliaklqana
Okawaru
Vehumet
Yredelemnul

Shops:
D:4 :


Innate Abilities, Weirdness & Mutations

Shadows flee at your approach. (+LOS)
You can swim through water.
You cover ground slowly.
You can hop short distances.


Message History

The phantom closely misses you.
The phantom blinks!
You hit the phantom.
The phantom is moderately damaged.
The phantom blinks!
The phantom blinks!
The phantom hits you.
* * * LOW HITPOINT WARNING * * *
You block the phantom's attack.
You hit the phantom.
The phantom is moderately damaged.
The phantom hits you.
* * * LOW HITPOINT WARNING * * *
You hit the phantom but do no damage.
The phantom is moderately damaged.
The phantom hits you!
* * * LOW HITPOINT WARNING * * *
You block the phantom's attack.
You completely miss the phantom.
The phantom is moderately damaged.
The phantom hits you.
You die...

#.##.#######..................#.
#.##..........#########.#####.#.
#.###########.# #.# #.#. #.# #.#
#### #.# #.#. #.# #.# #.. ..#
#>#. ##.# #.###.####### #.#.
...# #.##..... ..#. ##.#
###.##..# #.#. #.#
#...W@.<#######
#.#########.#.#..........
#.................######
############.#.#.#.# .....
.......#.########### #####
#######.............#
###.#########.# #.# #.#
############ #.# #.#


You could see a phantom.

Vanquished Creatures
  2 hounds (D:4)
  An orc wizard (D:3)
  A gnoll (D:1)
  4 adders
  An ooze (D:4)
  3 worms
  4 orcs (D:3)
  A ball python (D:2)
  11 bats
  A giant cockroach (D:1)
  12 goblins
  4 hobgoblins
  3 jackals (D:2)
  2 quokkas
  5 frilled lizards
  5 kobolds
  11 rats
71 creatures vanquished.

Notes
Turn   | Place    | Note
-------+----------+-------------------------------------------
     0 | D:1      | Feta the Barachi Ice Elementalist began the quest for the Orb.
     0 | D:1      | Reached XP level 1. HP: 13/13 MP: 3/3
   332 | D:1      | Reached XP level 2. HP: 19/20 MP: 5/5
   498 | D:1      | Reached skill level 1 in Fighting
   498 | D:1      | Reached skill level 1 in Armour
   659 | D:1      | Reached XP level 3. HP: 26/26 MP: 6/6
   779 | D:2      | Learned a level 2 spell: Throw Frost
  1099 | D:2      | Reached skill level 4 in Ice Magic
  1189 | D:2      | Found a radiant altar of Vehumet.
  1199 | D:2      | Became a worshipper of Vehumet
  1611 | D:2      | Reached XP level 4. HP: 27/32 MP: 0/7
  2051 | D:3      | Found a snail-covered altar of Cheibriados.
  2078 | D:3      | Learned a level 4 spell: Throw Icicle
  2148 | D:3      | Found a basalt altar of Yredelemnul.
  2487 | D:3      | Reached XP level 5. HP: 24/38 MP: 1/9
  2924 | D:4      | Found Igremm's Book Boutique.
  2932 | D:4      | Reached * piety under Vehumet
  2932 | D:4      | Offered knowledge of Flame Tongue by Vehumet.
  3125 | D:4      | Found an iron altar of Okawaru.
  3198 | D:4      | Found a hazy altar of Hepliaklqana.
  3267 | D:4      | Noticed a phantom
  3337 | D:4      | HP: 1/38 [phantom (8)]
  3338 | D:4      | Slain by a phantom

Skill      XL: |  1  2  3  4  5 |
---------------+----------------+-----
Fighting       | 1 2 |  2.3
Armour         | 1 2 |  2.4
Stealth        | 2 |  2.0
Ice Magic      | 4 |  4.6
Conjurations   | 2 |  2.5
Spellcasting   | 3 |  3.0
Dodging        | |  2.9
Evocations     | |  0.7

Action                   |  1- 3 |  4- 6 || total
-------------------------+-------+-------++-------
Melee: Short sword       |   116 |    60 ||   176
       Hand axe          |       |    40 ||    40
 Cast: Freeze            |     7 |    26 ||    33
       Throw Frost       |     9 |    15 ||    24
 Stab: Sleeping          |     2 |     3 ||     5
  Eat: Chunk             |     4 |     6 ||    10
Armor: Robe              |    28 |    11 ||    39
       Ring mail         |       |    28 ||    28
Dodge: Dodged            |    90 |    55 ||   145
Block: Other             |    12 |    37 ||    49
       Reflection        |     2 |       ||     2
